 Dungeon Crawl Stone Soup version 0.28.0 (webtiles) character file.

Game seed: 6472240683359774757

3253 Illumine the Placeless Cat (level 9, -2/40 HPs)
             Began as a Felid Monk on Feb 16, 2022.
             Was an Elder of Qazlal.
             Slain by a killer bee (8 damage)
             ... on level 9 of the Dungeon.
             The game lasted 00:22:35 (13071 turns).

Illumine the Placeless Cat (Felid Monk)            Turns: 13071, Time: 00:22:35

Health: -2/40      AC: 10    Str:  9    XL:     9   Next: 67%
Magic:  1/15       EV: 21    Int: 14    God:    Qazlal [****..]
Gold:   499        SH: 10    Dex: 18    Spells: 5/15 levels left
                                        Lives:  0   Deaths: 2

rFire   . . .      SeeInvis +     - Unarmed
rCold   . . .      Faith    .   (shield unavailable)
rNeg    . . .      Spirit   .   (armour unavailable)
rPois   .          Reflect  +   (helmet unavailable)
rElec   .          Harm     .   (cloak unavailable)
rCorr   .          Rampage  .   (gloves unavailable)
Will    +....                   (boots unavailable)
Stlth   ++........              a - amulet of reflection
HPRegen 0.13/turn               f - +4 ring of protection
MPRegen 0.14/turn               v - +4 ring of protection

@: lethally poisoned (-2 -> -6), repel missiles, quick
A: very small, claws 1, fangs 3, see invisible, speed 1, shaggy fur 2, stealthy
paws, no weapons or thrown items, no armour, multi-lived
a: Renounce Religion, Upheaval, Elemental Force


You were on level 9 of the Dungeon.
You worshipped Qazlal.
Qazlal was greatly pleased with you.
You visited 2 branches of the dungeon, and saw 10 of its levels.

You collected 499 gold pieces.

Inventory:

Jewellery
 a - an amulet of reflection (around neck)
 f - a +4 ring of protection (left paw)
 v - a +4 ring of protection (right paw)
Wands
 m - a wand of acid (7)
 o - a wand of iceblast (7)
Scrolls
 b - 3 scrolls of identify {unknown}
 d - 2 scrolls of blinking {unknown}
 h - a scroll of fear {unknown}
 k - 3 scrolls of fog {unknown}
 l - 2 scrolls of teleportation {unknown}
 p - 2 scrolls of vulnerability {unknown}
 q - a scroll of enchant weapon {unknown}
 s - a scroll of summoning {unknown}
 t - a scroll of immolation {unknown}
 u - a scroll of magic mapping {unknown}
Potions
 c - 4 potions of curing
 e - 2 potions of heal wounds {unknown}
 g - a potion of lignification {unknown}
 i - a potion of resistance {unknown}
 j - a potion of degeneration {unknown}
 n - a potion of haste {unknown}
 r - a potion of flight {unknown}


   Skills:
 + Level 5.0 Fighting
 + Level 6.7 Dodging
 - Level 2.6 Stealth
 + Level 8.0 Unarmed Combat
 + Level 3.8 Spellcasting
 - Level 3.0 Conjurations
 - Level 11.0 Translocations
 - Level 4.0 Fire Magic
 + Level 4.7 Invocations


You had 5 spell levels left.
You knew the following spells:

 Your Spells              Type           Power      Damage    Failure   Level
a - Foxfire               Conj/Fire      48%        2x1d6     4%          1
b - Scorch                Fire           26%        2d6       6%          2
c - Manifold Assault      Tloc           33%        N/A       6%          5
d - Blink                 Tloc           66%        N/A       1%          2

Your spell library contained the following spells:

 Spells                   Type           Power      Damage    Failure   Level
 Lesser Beckoning         Tloc           33%        N/A       1%          3
 Iskenderun's Mystic Bla  Conj/Tloc      22%        2d6       11%         4
 Conjure Flame            Conj/Fire      12%        6-21      14%         3
 Inner Flame              Hex/Fire       8%         N/A       26%         3
 Dazzling Flash           Conj/Hex       14%        N/A       30%         3
 Flame Wave               Conj/Fire      12%        2d6       41%         4
 Hailstorm                Conj/Ice       7%         3d4       71%         4
 Ice Form                 Ice/Tmut       2%         N/A       89%         4
 Simulacrum               Ice/Necr       1%         N/A       100%        6
 Starburst                Conj/Fire      6%         6d4       100%        6
 Summon Cactus Giant      Summ           1%         N/A       100%        6


Dungeon Overview and Level Annotations

Branches:
Dungeon (9/15)             Temple (1/1) D:5
   Lair: D:8-11         Orc: D:9-12

Altars:
Ashenzari
Cheibriados
Dithmenos
Elyvilon
Fedhas
Gozag
Hepliaklqana
Kikubaaqudgha
Makhleb
Nemelex Xobeh
Qazlal
Ru
Sif Muna
Trog
Uskayaw
Vehumet
Wu Jian
Xom
Yredelemnul
Zin
The Shining One


Innate Abilities, Weirdness & Mutations

You have sharp claws.
You have razor-sharp teeth.
You have supernaturally acute eyesight. (SInv)
You cover ground quickly. (Speed+)
You are covered in thick fur. (AC +2)
Your paws help you pounce on unaware monsters.
You are incapable of wielding weapons or throwing items.
You cannot wear armour.
You gain extra lives every three experience levels.


Message History

You are poisoned.
The killer bee poisons you! The killer bee misses you.
The killer bee closely misses you.
Okay, then.
There are monsters nearby!
Casting: Foxfire (safe; 4% risk of failure)
Confirm with . or Enter, or press ? or * to list all spells.
Okay, then.
Casting: Foxfire (safe; 4% risk of failure)
Confirm with . or Enter, or press ? or * to list all spells.
The spell is quite dangerous to miscast (6% risk of failure)!
Continue anyway?
Space momentarily warps into an impossible shape!
You scratch the killer bee. You miss the killer bee. x2
You feel very sick.
The killer bee stings you but does no damage.
The killer bee misses you. You block the killer bee's attack.
The killer bee misses you. The killer bee barely misses you.
Unknown command.
Unknown command.
You miss the killer bee. Your claw misses the killer bee.
The killer bee is severely wounded.
You feel sick. You block the killer bee's attack. The killer bee misses you.
The killer bee completely misses you. x2; The killer bee closely misses you.
Unknown command.
You scratch the killer bee.
The killer bee is severely wounded.
You feel sick. The killer bee barely misses you.
The killer bee closely misses you. The killer bee completely misses you.
You block the killer bee's attack.
The killer bee stings you but does no damage.
The killer bee closely misses you.
You scratch the killer bee.
The killer bee is severely wounded.
You feel sick. The killer bee stings you.
* * * LOW HITPOINT WARNING * * *
The killer bee closely misses you. You block the killer bee's attack.
The killer bee completely misses you. You block the killer bee's attack.
Unknown command.
The killer bee closely misses you. The killer bee stings you!
You die...

####.#########
.......<.....#
####.###.###.# #
..........#.# .#
......#.°.○.# $.#
......#.@yy##...#
..... #.§y......#
..... ##.†☼###..#
.........°... #
.......#......?
.........#####
......<...
......###.#
#.#.#. .#


You could see 3 killer bees.

Vanquished Creatures
  2 two-headed ogres
  Psyche (D:8)
  Sigmund (D:4)
  2 steam dragons
  A water moccasin (D:6)
  A sky beast (D:6)
  An ice beast (D:8)
  3 orc warriors
  2 ogres
  2 necrophages
  A centaur (D:8)
  A phantom (D:4)
  Blork the orc (D:6)
  3 kobold brigands
  2 bullfrogs
  A water moccasin skeleton (D:6)
  8 killer bees
  4 electric eels
  2 bullfrog zombies
  A jelly (D:7)
  3 orc priests
  A bullfrog skeleton (D:6)
  2 hounds (D:7)
  Terence (D:2)
  Jessica (D:2)
  Ijyb (D:3)
  Natasha (thrice) (D:4)
  3 iguanas
  6 orc wizards
  A hound skeleton (D:5)
  A howler monkey zombie (D:6)
  7 adders
  2 howler monkey skeletons
  4 white imps
  2 ufetubi (D:7)
  4 dart slugs
  22 orcs
  2 ball pythons
  7 endoplasms
  3 giant cockroaches
  10 hobgoblins
  2 jackals (D:3)
  24 kobolds
  A quokka (D:5)
  A bat (D:3)
  4 frilled lizards
  8 goblins
  9 rats
  9 foxfires
184 creatures vanquished.

Vanquished Creatures (others)
  A butterfly (D:5)
  492 foxfires
493 creatures vanquished.

Grand Total: 677 creatures vanquished

Notes
Turn   | Place    | Note
-------+----------+-------------------------------------------
     0 | D:1      | Illumine the Felid Monk began the quest for the Orb.
     0 | D:1      | Reached XP level 1. HP: 10/10 MP: 2/2
   160 | D:1      | Found a faded altar of an unknown god.
   203 | D:1      | Reached XP level 2. HP: 12/14 MP: 3/3
   657 | D:2      | Noticed Jessica
   659 | D:2      | Killed Jessica
   660 | D:2      | Reached XP level 3. HP: 17/17 MP: 4/4
  1371 | D:2      | Learned a level 1 spell: Foxfire
  1374 | D:2      | Noticed Terence
  1626 | D:3      | Reached XP level 4. HP: 21/21 MP: 3/5
  1736 | D:3      | Noticed an ogre
  2113 | D:3      | Noticed Ijyb
  2224 | D:4      | Learned a level 2 spell: Blink
  2483 | D:4      | Reached skill level 1 in Fire Magic
  2627 | D:4      | Noticed Natasha
  2637 | D:4      | Killed Natasha
  2638 | D:4      | Reached skill level 1 in Spellcasting
  2638 | D:4      | Reached skill level 1 in Conjurations
  2638 | D:4      | Reached skill level 1 in Translocations
  2638 | D:4      | Reached XP level 5. HP: 24/24 MP: 3/7
  2901 | D:4      | Found a radiant altar of Vehumet.
  3027 | D:4      | Noticed a phantom
  3058 | D:4      | Killed a phantom
  3059 | D:4      | Reached skill level 2 in Translocations
  3193 | D:4      | Noticed Sigmund
  3281 | D:5      | Entered Level 5 of the Dungeon
  3319 | D:5      | Gained mutation: You are covered in thick fur. (AC +2)
                  | [Felid growth]
  3319 | D:5      | Reached XP level 6. HP: 28/28 MP: 4/9
  3716 | D:5      | Noticed an orc warrior
  3743 | D:6      | Noticed Blork the orc
  3959 | D:5      | Found a shimmering altar of Xom.
  3969 | D:5      | Found a sacrificial altar of Ru.
  3970 | D:5      | Found a snail-covered altar of Cheibriados.
  4066 | D:5      | Killed an orc warrior
  4067 | D:5      | Reached skill level 3 in Translocations
  4413 | D:5      | Found a white marble altar of Elyvilon.
  4463 | D:5      | Found a staircase to the Ecumenical Temple.
  4469 | Temple   | Entered the Ecumenical Temple
  4789 | Temple   | Became a worshipper of Qazlal Stormbringer
  4789 | Temple   | Reached * piety under Qazlal
  4789 | Temple   | Reached ** piety under Qazlal
  4980 | D:6      | Noticed a sky beast
  4987 | D:5      | HP: 1/28 [iguana (8)]
  5016 | D:5      | Reached XP level 7. HP: 3/31 MP: 4/11
  5371 | D:6      | Reached skill level 5 in Unarmed Combat
  5380 | D:6      | Reached skill level 1 in Invocations
  5398 | D:6      | Reached skill level 4 in Translocations
  6276 | D:2      | Killed Terence
  6467 | D:2      | Learned a level 5 spell: Manifold Assault
  6827 | D:3      | Killed Ijyb
  7005 | D:3      | HP: 1/31 [scorpion (5)]
  7006 | D:3      | Succumbed to a scorpion's poison
  7007 | D:3      | Reached XP level 6. HP: -1/28 MP: 5/11
  7115 | D:4      | Noticed Natasha
  7122 | D:4      | Killed Natasha
  7123 | D:4      | Reached skill level 5 in Translocations
  7123 | D:4      | Reached XP level 7. HP: 31/31 MP: 12/12
  7293 | D:4      | Noticed Natasha
  7303 | D:4      | Killed Natasha
  7435 | D:4      | Killed Sigmund
  7725 | D:5      | Reached skill level 6 in Translocations
  7995 | D:6      | Reached skill level 7 in Translocations
  8204 | D:6      | Reached XP level 8. HP: 34/34 MP: 8/13
  8240 | D:6      | Reached skill level 8 in Translocations
  8332 | D:6      | Killed Blork the orc
  8461 | D:6      | Reached *** piety under Qazlal
  8738 | D:7      | Identified the +0 ring mail of Kikubaaqudgha's Grace
                  | {rElec}
  8840 | D:7      | Reached skill level 9 in Translocations
  9787 | D:7      | Found a shimmering blue altar of Sif Muna.
  9795 | D:7      | Reached skill level 10 in Translocations
  9860 | D:7      | Learned a level 2 spell: Scorch
 10431 | D:8      | Noticed a two-headed ogre
 10802 | D:7      | Reached skill level 5 in Dodging
 10950 | D:8      | Noticed a two-headed ogre
 10951 | D:8      | Reached XP level 9. HP: 35/39 MP: 12/14
 11212 | D:7      | Mangled by a two-headed ogre
 11213 | D:7      | Reached XP level 8. HP: -8/36 MP: 9/13
 11230 | D:7      | Killed a two-headed ogre
 11803 | D:8      | Killed a two-headed ogre
 11804 | D:8      | Reached XP level 9. HP: 39/39 MP: 0/15
 11831 | D:8      | Reached **** piety under Qazlal
 12172 | D:8      | Reached skill level 11 in Translocations
 12263 | D:8      | Found an opulent altar of Gozag.
 12263 | D:8      | Found a shadowy altar of Dithmenos.
 12314 | D:8      | Noticed Psyche
 12327 | D:8      | Killed Psyche
 12640 | D:8      | Reached skill level 5 in Fighting
 13071 | D:9      | Slain by a killer bee

Illustrated notes

Levels and vault maps discovered:
D:1:      wander_arrival_desolate, layout_rooms, basic_ecumenical_altar,
          hex_large, minmay_hexomino_f4
D:2:      layout_basic, uniq_terence, uniq_jessica
D:3:      layout_basic, uniq_ijyb
D:4:      layout_cave_pods, mainiacjoe_overflow_24_doors,
          kennysheep_generic_room_10, uniq_natasha, uniq_sigmund
D:5:      layout_basic, xom_teletrap_fun, nicolae_elyvilon_peaceful_grove,
          gammafunk_temple_overflow_pools, minmay_temple_entry_fiery,
          wad_floor_pattern_1
D:6:      layout_rooms, uniq_blork_the_orc
D:7:      layout_gridville, mainiacjoe_overflow_catwalk, minivault_14
D:8:      layout_loops_ring, jmf_multi_god_temple, nicolae_lava_and_water,
          uniq_psyche
D:9:      wander_river, layout_basic, zombieorc1_lemuel
Temple:   oiseaux_autumnal_temple

Skill      XL: |  1  2  3  4  5  6  7  8  9 |
---------------+----------------------------+-----
Unarmed Combat | 4 6 7 8 |  8.0
Fire Magic     | 1 2 3 4 |  4.0
Spellcasting   | 1 2 3 |  3.8
Conjurations   | 1 2 3 |  3.0
Translocations | 1 2 5 7 10 11 | 11.0
Invocations    | 3 4 |  4.7
Dodging        | 6 |  6.7
Fighting       | 4 5 |  5.0
Stealth        | |  2.6

Action                   |  1- 3 |  4- 6 |  7- 9 || total
-------------------------+-------+-------+-------++-------
Melee: Unarmed           |    70 |    80 |   215 ||   365
       Bite              |     8 |    10 |    24 ||    42
       Punch             |     1 |       |     9 ||    10
 Cast: Foxfire           |     2 |   108 |   181 ||   291
       Blink             |       |     1 |     2 ||     3
       Scorch            |       |       |    42 ||    42
       Manifold Assault  |       |       |    11 ||    11
Evoke: Wand              |       |       |     4 ||     4
  Use: Potion            |       |     1 |     2 ||     3
 Stab: Sleeping          |     5 |       |       ||     5
Armor: Skin              |     7 |    11 |    41 ||    59
Dodge: Dodged            |    28 |    63 |   263 ||   354
Block: Other             |     8 |    17 |   134 ||   159
       Reflection        |       |     1 |     6 ||     7
